 Dungeon Crawl Stone Soup version 0.30-a0-341-g682706514a (webtiles) character file.

Game seed: 5853034240532758562

3584 dracfodder the Destroyer (level 9, -5/70 HPs)
             Began as a White Draconian Conjurer on Oct 26, 2022.
             Was a Follower of Sif Muna.
             Slain by a vampire
             ... wielding a +2 vampiric halberd
              (9 damage)
             ... in a bailey on Nov 5, 2022.
             The game lasted 01:03:47 (11789 turns).

dracfodder the Destroyer (DrCj)                    Turns: 11789, Time: 01:03:48

Health: -5/70      AC:  8    Str:  9    XL:     9   Next: 85%
Magic:  0/20       EV: 16    Int: 26    God:    Sif Muna [*.....]
Gold:   331        SH:  0    Dex: 11    Spells: 12/23 levels left

rFire   + . .      SeeInvis +    a - +3 quarterstaff (chaos)
rCold   + + .      Faith    .    (shield currently unavailable)
rNeg    . . .      Spirit   +    (body armour unavailable)
rPois   +          Reflect  .    (helmet restricted)
rElec   +          Harm     .    o - +0 cloak
rCorr   +          Rampage  .    (no gloves)
Will    +....                    (no boots)
Stlth   ++........               j - amulet "Itzysurgh" {Spirit rPois Int+4 SInv}
HPRegen 0.31/turn                D - ring "Upu Fiph" {rElec EV+4 SInv}
MPRegen 0.17/turn                (no ring)

@: mighty, resistant, on berserk cooldown, attractive, flying, slowed, very slow
A: breathe frost, AC +7, unfitting armour, cold resistance 1, cold-blooded,
strong-willed 1, noise suppression
a: Breathe Frost, Renounce Religion, Channel Magic


You were in a bailey.
You worshipped Sif Muna.
Sif Muna was aware of your devotion.
You visited 1 branch of the dungeon, and saw 7 of its levels.
You also visited: Bailey.

You collected 331 gold pieces.

Inventory:

Hand Weapons
 a - a +3 quarterstaff of chaos (weapon)
 c - a +1 short sword
 f - a +2 falchion of holy wrath
 C - a +1 broad axe of flaming
Missiles
 e - 6 boomerangs
 m - a throwing net
 q - 3 poisoned darts
Armour
 o - a +0 cloak (worn)
Jewellery
 d - a ring of fire
 j - the amulet "Itzysurgh" (around neck) {Spirit rPois Int+4 SInv}
   (You found it on level 2 of the Dungeon)

   [amulet of guardian spirit]

   It causes incoming damage to be divided between your reserves of health and
   magic.
   Int:       It affects your intelligence (+4).
   rPois:     It protects you from poison.
   SInv:      It lets you see invisible.
 D - the ring "Upu Fiph" (left hand) {rElec EV+4 SInv}
   (You found it on level 6 of the Dungeon)

   [ring of evasion]

   EV:        It affects your evasion (+4).
   rElec:     It insulates you from electricity.
   SInv:      It lets you see invisible.
 E - an amulet of magic regeneration
Wands
 b - a wand of quicksilver (5)
 t - a wand of charming (5)
 y - a wand of digging (6)
Scrolls
 h - a scroll of teleportation
 n - 6 scrolls of poison
 p - 2 scrolls of identify
 w - a scroll of amnesia
Potions
 i - 3 potions of haste
 k - 3 potions of curing
 l - a potion of magic
 r - a potion of resistance
 s - a potion of berserk rage
 u - 2 potions of flight
 v - a potion of lignification {unknown}
 x - a potion of brilliance {unknown}
 z - a potion of attraction
 A - a potion of might
 B - 2 potions of invisibility {unknown}


   Skills:
 + Level 3.3 Fighting
 + Level 3.6 Staves
 + Level 1.8 Throwing
 + Level 3.4 Dodging
 + Level 3.7 Stealth
 + Level 7.9 Spellcasting
 + Level 8.6 Conjurations
 + Level 0.7 Hexes
 + Level 2.8 Translocations
 + Level 2.1 Evocations


You had 12 spell levels left.
You knew the following spells:

 Your Spells              Type           Power      Damage    Failure   Level
a - Magic Dart            Conj           100%       1d8       1%          1
b - Searing Ray           Conj           100%       2d8       1%          2
c - Momentum Strike       Conj/Tloc      80%        3d10      1%          2
d - Blink                 Tloc           50%        N/A       2%          2
e - Fulminant Prism       Conj/Hex       17%        3d10      9%          4

Your spell library contained the following spells:

 Spells                   Type           Power      Damage    Failure   Level
 Apportation              Tloc           50%        N/A       1%          1
 Dazzling Flash           Conj/Hex       68%        N/A       2%          3
 Hailstorm                Conj/Ice       32%        3d8       3%          3
 Lesser Beckoning         Tloc           50%        N/A       5%          3
 Iskenderun's Mystic Bla  Conj/Tloc      40%        2d9       5%          4
 Beastly Appendage        Tmut           20%        N/A       6%          1
 Freeze                   Ice            40%        1d6       6%          1
 Wereblood                Tmut           10%        N/A       9%          2
 Frozen Ramparts          Ice            20%        1d4       17%         3
 Spider Form              Tmut/Pois      10%        N/A       17%         3
 Silence                  Hex/Air        6%         N/A       80%         5
 Agony                    Necr           10%        N/A       85%         5
 Alistair's Intoxication  Tmut/Pois      6%         N/A       85%         5
 Borgnjor's Revivificati  Necr           5%         N/A       100%        8
 Necromutation            Tmut/Necr      5%         N/A       100%        8
 Death's Door             Necr           5%         N/A       100%        9


Dungeon Overview and Level Annotations

Branches:
Dungeon (7/15)             Bailey (1/1)
 Temple: D:4-7

Altars:
Gozag
Hepliaklqana
Okawaru
Qazlal
Sif Muna
Trog
Yredelemnul


Innate Abilities, Weirdness & Mutations

You can breathe waves of freezing cold which knock back foes.
Your icy white scales are hard. (AC +7)
You cannot fit into any form of body armour.
Your flesh is cold resistant. (rC+)
You are cold-blooded and may be slowed by cold attacks.
You are strong-willed. (Will+)
You passively dampen the noise of your surroundings.


Message History

The vampire resists.
The vampire is moderately damaged.
The vampire is blown backwards by the freezing wind.
It was a potion of resistance.
You feel protected.
It was a potion of berserk rage.
A red film seems to cover your vision as you go berserk!
You feel yourself moving faster!
You feel mighty! The vampire misses you.
You are too berserk!
You cannot move.
You cannot move.
You cannot move.
You cannot move.
You cannot move.
You cannot move.
You cannot move.
You cannot move.
You feel a strong urge to attack something.
The vampire hits you from afar with a +2 vampiric halberd!!
* * * LOW HITPOINT WARNING * * *
The vampire draws strength from your wounds!
The vampire barely misses you.
You feel your anger nearly subside.
You are no longer berserk.
You are exhausted.
You feel yourself slow down. The vampire barely misses you.
You are no longer robbed of momentum.
The vampire closely misses you. The vampire barely misses you.
It was a potion of flight.
You feel very buoyant.
You fly up into the air.
You have got your breath back.
The vampire misses you.
It was a potion of attraction.
You feel attractive to monsters.
The vampire barely misses you. x2; The vampire is attracted toward you.
It was a potion of might.
You feel very mighty all of a sudden. The vampire closely misses you.
The vampire bites you!
You die...

#8. ..# #.. ..# #..#
#..##########
#...##...#.......8#
#...V..##.......8#
#....##...#######
###''##...##....8#
#....§V@..#......#+####
#8.........).)...#....#
#########....#...#....#
#8.....##..##...'....#
#.......####.).)'....#
#.......)#...####....#
##...........#.)#....#
#...........#..#'##'#♣
#....♣......#.)).#....


You could see a vampire (invisible).

Vanquished Creatures
  Pikel (D:4)
  A gargoyle (Bailey)
  A steam dragon (D:6)
  Edmund (D:5)
  A water moccasin (D:6)
  The ghost of koil the Shooter, an amateur SpHu (D:5)
  2 ice beasts (D:5)
  A black bear (D:7)
  4 centaurs
  2 ogres
  3 lemures (D:4)
  Blork the orc (D:5)
  3 scorpions
  A bullfrog (D:6)
  2 necrophages
  A howler monkey (D:6)
  7 vampire bats (Bailey)
  4 wolf zombies (Bailey)
  2 electric eels (D:6)
  2 hounds
  A jelly (D:6)
  Crazy Yiuf (D:2)
  A gnoll bouda (D:6)
  2 orc priests
  Jessica (D:3)
  Ijyb (D:3)
  4 iguanas
  Natasha (twice) (D:3)
  3 orc wizards (D:7)
  Robin (D:3)
  8 adders
  12 gnolls
  2 ufetubi
  A worm (D:2)
  16 orcs
  5 endoplasms
  3 giant cockroaches
  17 goblins
  10 hobgoblins
  A quokka (D:4)
  6 ball pythons
  7 bats
  5 frilled lizards
  8 kobolds
  13 orc zombies (Bailey)
  2 rats
  A spectral orc (D:3)
175 creatures vanquished.

Vanquished Creatures (others)
  Maggie (D:6)
  A black bear (D:6)
  An ogre (D:6)
  A wolf zombie (Bailey)
  An orc priest (D:5)
  An iguana (D:5)
  A gnoll (D:4)
  An adder (D:2)
  A white imp (D:7)
  2 orcs (D:5)
  A giant cockroach (D:2)
  7 fulminant prisms
19 creatures vanquished.

Grand Total: 194 creatures vanquished

Notes
Turn   | Place    | Note
-------+----------+-------------------------------------------
     0 | D:1      | dracfodder the Draconian Conjurer began the quest for the
                  | Orb.
     0 | D:1      | Reached XP level 1. HP: 14/14 MP: 3/3
   385 | D:1      | Reached XP level 2. HP: 20/20 MP: 1/5
   388 | D:1      | Learned a level 2 spell: Searing Ray
   883 | D:1      | Reached XP level 3. HP: 26/26 MP: 3/6
   987 | D:1      | Learned a level 2 spell: Momentum Strike
  1174 | D:2      | Identified the amulet "Itzysurgh" {Spirit rPois Int+4 SInv}
  1672 | D:2      | Reached skill level 5 in Conjurations
  2550 | D:2      | Found a runed translucent door.
  2551 | D:2      | Noticed Crazy Yiuf
  2724 | D:2      | Killed Crazy Yiuf
  2725 | D:2      | Reached XP level 4. HP: 33/33 MP: 2/8
  3064 | D:3      | Found a basalt altar of Yredelemnul.
  3299 | D:3      | Noticed Robin
  3313 | D:3      | Killed Robin
  3370 | D:3      | Noticed Natasha
  3378 | D:3      | Killed Natasha
  3550 | D:3      | Reached XP level 5. HP: 38/38 MP: 7/9
  3765 | D:3      | Noticed Jessica
  3772 | D:3      | Killed Jessica
  3907 | D:3      | Noticed Natasha
  3910 | D:3      | Killed Natasha
  4073 | D:3      | Noticed Ijyb
  4086 | D:3      | Killed Ijyb
  4576 | D:4      | Reached skill level 1 in Throwing
  4581 | D:4      | Reached XP level 6. HP: 45/45 MP: 1/11
  4817 | D:4      | Reached skill level 6 in Conjurations
  5136 | D:4      | Found a runed translucent gate.
  5137 | D:4      | Found a runed translucent gate.
  5137 | D:4      | Found an opulent altar of Gozag.
  5158 | D:4      | Found a runed translucent gate.
  5361 | D:4      | Noticed koil's ghost (amateur SpHu)
  5542 | D:4      | Learned a level 2 spell: Blink
  5563 | D:4      | Your scales start taking on an icy white colour.
  5563 | D:4      | Reached XP level 7. HP: 51/51 MP: 6/13
  5563 | D:4      | Gained mutation: Your flesh is cold resistant. (rC+) [White
                  | Draconian growth]
  5667 | D:4      | Found a stormy altar of Qazlal.
  5710 | D:4      | Noticed Pikel
  5749 | D:4      | Killed Pikel
  5750 | D:4      | Reached skill level 1 in Fighting
  5750 | D:4      | Reached skill level 5 in Spellcasting
  5750 | D:4      | Reached XP level 8. HP: 13/59 MP: 3/15
  6223 | D:5      | Entered Level 5 of the Dungeon
  6236 | D:5      | Killed koil's ghost
  7021 | D:5      | Reached skill level 7 in Conjurations
  7345 | D:5      | Upgraded the game from 0.30-a0-313-gae38170b09 to
                  | 0.30-a0-341-g682706514a
  7368 | D:5      | Reached skill level 1 in Translocations
  7389 | D:5      | Noticed Blork the orc
  7401 | D:5      | Killed Blork the orc
  7795 | D:5      | Noticed Edmund
  7840 | D:5      | Killed Edmund
  8445 | D:6      | Reached XP level 9. HP: 69/69 MP: 0/18
  8711 | D:6      | Noticed Maggie
  8727 | D:6      | Killed Maggie
  8728 | D:6      | Reached skill level 1 in Evocations
  8867 | D:6      | Reached skill level 8 in Conjurations
  9193 | D:6      | Identified the ring "Upu Fiph" {rElec EV+4 SInv}
  9241 | D:6      | Learned a level 4 spell: Fulminant Prism
  9495 | D:6      | Gained mutation: You are strong-willed. (Will+) [potion of
                  | mutation]
  9495 | D:6      | Gained mutation: You passively dampen the noise of your
                  | surroundings. [potion of mutation]
  9551 | D:6      | Found a hazy altar of Hepliaklqana.
  9552 | D:6      | Found a bloodstained altar of Trog.
  9636 | D:6      | Found an iron altar of Okawaru.
  9645 | D:6      | Found a shimmering blue altar of Sif Muna.
  9649 | D:6      | Became a worshipper of Sif Muna the Loreminder
 10541 | D:7      | Found a flagged portal.
 10550 | Bailey   | Entered a bailey
 11407 | Bailey   | Reached * piety under Sif Muna
 11554 | Bailey   | Noticed a gargoyle
 11568 | Bailey   | Killed a gargoyle
 11782 | Bailey   | HP: 3/105 [vampire/+2 vampiric halberd (17)]
 11789 | Bailey   | Slain by a vampire

Illustrated notes

Levels and vault maps discovered:
D:1:      saegor_arrival_simple_e, layout_basic
D:2:      layout_basic, uniq_crazy_yiuf_cottage
D:3:      layout_rooms, yredelemnul_forgotten_temple_becter, uniq_ijyb,
          uniq_robin, uniq_jessica, uniq_natasha
D:4:      layout_cave_pools, nicolae_qazlal_eye_of_the_storm,
          ebering_ghost_gozag, grunt_ministairs_3, uniq_pikel
D:5:      layout_loops_ring, uniq_edmund, uniq_blork_the_orc
D:6:      cheibrodos_helix_gallery, layout_basic,
          mainiacjoe_overflow_divided_tiny, mainiacjoe_overflow_swirl,
          nicolae_sextant, minmay_liquid_box, uniq_maggie
D:7:      layout_basic, temple_statues, enter_bailey_5,
          hellmonk_guarded_unrand_zhor
Bailey:   bailey_polearm_vampire_castle_hellmonk, bailey

Skill      XL: |  1  2  3  4  5  6  7  8  9 |
---------------+----------------------------+-----
Dodging        | 2 3 |  3.4
Conjurations   | 5 6 7 8 |  8.6
Spellcasting   | 3 4 5 6 7 |  7.9
Stealth        | 2 3 |  3.7
Throwing       | 1 |  1.8
Fighting       | 1 3 |  3.3
Staves         | 2 3 |  3.6
Translocations | 2 |  2.8
Evocations     | 2 |  2.1
Hexes          | |  0.7

Action                   |  1- 3 |  4- 6 |  7- 9 || total
-------------------------+-------+-------+-------++-------
Melee: Short sword       |     1 |       |       ||     1
       Quarterstaff      |       |    16 |    43 ||    59
       Tailslap          |       |     1 |     9 ||    10
Throw: Dart              |     3 |     8 |       ||    11
       Boomerang         |       |     5 |       ||     5
 Cast: Magic Dart        |    56 |    59 |    87 ||   202
       Searing Ray       |     9 |    24 |    61 ||    94
       Momentum Strike   |     4 |     2 |    25 ||    31
       Fulminant Prism   |       |       |     7 ||     7
       Blink             |       |       |     1 ||     1
 Abil: Breathe Frost     |       |       |     4 ||     4
Evoke: Wand              |       |       |    15 ||    15
  Use: Scroll            |     6 |     2 |     5 ||    13
       Potion            |       |       |     9 ||     9
Armor: Skin              |     3 |     7 |    32 ||    42
Dodge: Dodged            |     3 |    15 |   131 ||   149

Table legend: (Time is in decaauts)
 A = Elapsed time spent in this place.
 B = Non-inter-level travel time spent in this place.
 C = Inter-level travel time spent in this place.
 D = Time resting spent in this place.
 E = Time spent auto-exploring this place.
 F = Levels seen in this place.
 G = Mean time per level.
                   A        B        C        D        E       F      G
               +--------+--------+--------+--------+--------+-----+--------+
         Total |  11809 |  11633 |    176 |   6650 |   3410 |   8 | 1476.1 |
       Dungeon |  10569 |  10393 |    176 |   5750 |   3323 |   7 | 1509.9 |
        Bailey |   1239 |   1239 |      0 |    900 |     87 |   1 | 1239.0 |
               +--------+--------+--------+--------+--------+-----+--------+

Top non-repeatable levels by time:
     D:4: 2014 daAuts
     D:6: 1958 daAuts
     D:5: 1695 daAuts
     D:2: 1650 daAuts
     D:3: 1499 daAuts
  Bailey: 1239 daAuts
     D:1: 1170 daAuts
     D:7: 581 daAuts
